 Dungeon Crawl Stone Soup version 0.27.1-34-g3ba077fa99 (webtiles) character file.

Game seed: 3921945386172451050

18 pkoi the Conjurer (level 2, -4/20 HPs)
             Began as a Draconian Conjurer on Jan 27, 2022.
             Slain by a gnoll (6 damage)
             ... on level 1 of the Dungeon.
             The game lasted 00:00:55 (951 turns).

pkoi the Conjurer (Draconian Conjurer)               Turns: 951, Time: 00:00:55

Health: -4/20      AC:  4    Str:  9    XL:     2   Next: 48%
Magic:  0/5        EV: 12    Int: 18    God:
Gold:   16         SH:  0    Dex:  9    Spells: 4/5 levels left

rFire    . . .     SeeInvis .   a - +0 club
rCold    . . .     Faith    .   (no shield)
rNeg     . . .     Spirit   .   (armour unavailable)
rPois    .         Reflect  .   (helmet restricted)
rElec    .         Harm     .   (no cloak)
rCorr    .         Rampage  .   (no gloves)
Will     .....                  (no boots)
Stlth    ++........             (no amulet)
HPRegen  0.06/turn              (no ring)
MPRegen  0.09/turn              (no ring)

@: very slightly contaminated
A: AC +4, unfitting armour, cold-blooded
a: no special abilities


You were on level 1 of the Dungeon.
You visited 1 branch of the dungeon, and saw 1 of its levels.

You collected 16 gold pieces.

Inventory:

Hand Weapons
 a - a +0 club (weapon)
Scrolls
 b - a scroll of magic mapping {unknown}


   Skills:
 - Level 1.7 Dodging
 - Level 1.7 Stealth
 + Level 2.3 Spellcasting
 * Level 4.5 Conjurations


You had 4 spell levels left.
You knew the following spells:

 Your Spells              Type           Power      Damage    Failure   Level
a - Magic Dart            Conj           72%        1d6       2%          1

Your spell library contained the following spells:

 Spells                   Type           Power      Damage    Failure   Level
 Searing Ray              Conj           36%        3d4       4%          2
 Dazzling Flash           Conj/Hex       20%        N/A       21%         3
 Fulminant Prism          Conj/Hex       5%         3d7       56%         4
 Iskenderun's Mystic Bla  Conj/Tloc      10%        2d4       56%         4


Dungeon Overview and Level Annotations

Branches:
Dungeon (1/15)

Altars:


Innate Abilities, Weirdness & Mutations

Your plain brown scales are hard. (AC +4)
You cannot fit into any form of body armour.
You are cold-blooded and may be slowed by cold attacks.


Message History

The magic dart hits the goblin.
You kill the goblin!
Unknown command.
Aiming: Magic Dart (safe; 2% risk of failure)
Press: ? - help, Q - select action Shift-Dir - straight line, f - gnoll
Aim: a gnoll, wielding a +0 spear (100% to hit)
The magic dart hits the gnoll.
The gnoll is lightly wounded.
Unknown command.
A rat comes into view.
The rat barely misses you.
Aiming: Magic Dart (safe; 2% risk of failure)
Press: ? - help, Q - select action Shift-Dir - straight line, f/p - gnoll
Aim: a gnoll, wielding a +0 spear (100% to hit)
The magic dart hits the gnoll.
The gnoll is lightly wounded.
The gnoll hits you from afar with a +0 spear.
* * * LOW HITPOINT WARNING * * *
The rat bites you.
* * * LOW HITPOINT WARNING * * *
You closely miss the rat. The gnoll barely misses you.
The rat closely misses you. The gnoll misses you.
Aiming: Magic Dart (safe; 2% risk of failure)
Press: ? - help, Q - select action Shift-Dir - straight line, f - rat, p - gnoll
Aim: a rat (100% to hit)
You miscast Magic Dart.
You are very lightly contaminated with residual magic.
Nothing appears to happen.
The rat twitches its whiskers.
The rat completely misses you.
The gnoll hits you from afar with a +0 spear.
* * * LOW HITPOINT WARNING * * *
Aiming: Magic Dart (safe; 2% risk of failure)
Press: ? - help, Q - select action Shift-Dir - straight line, f/p - rat
Aim: a rat (100% to hit)
The magic dart hits the rat.
The rat is moderately wounded.
The rat bites you but does no damage.
The gnoll hits you from afar with a +0 spear.
You die...

#....# ############ #.#
#......#..........#.#.#
.....+........g.....#.#
.#....#######.#...####.#
#.#..... #.# #.# ..# #.#
. #.# #)# .# #.# ...
#P###.# .# #.#
.....#####..# .##†#
#..r@.g..######.#.#
#.###...#(##).#.#.# #
..........##.#.#.# #
##########.#)#.#.# #
..........#...# #
#######...#...# #
####..#.# # #.†.......#
# #.#########


You could see a gnoll and a rat.

Vanquished Creatures
  A dart slug (D:1)
  2 bats (D:1)
  An endoplasm (D:1)
  A giant cockroach (D:1)
  3 goblins (D:1)
  A hobgoblin (D:1)
  A quokka (D:1)
  3 frilled lizards (D:1)
  2 rats (D:1)
15 creatures vanquished.

Vanquished Creatures (others)
  4 toadstools (D:1)
4 creatures vanquished.

Grand Total: 19 creatures vanquished

Notes
Turn   | Place    | Note
-------+----------+-------------------------------------------
     0 | D:1      | pkoi the Draconian Conjurer began the quest for the Orb.
     0 | D:1      | Reached XP level 1. HP: 14/14 MP: 3/3
   406 | D:1      | Reached XP level 2. HP: 19/20 MP: 0/5
   951 | D:1      | Slain by a gnoll

Illustrated notes

Levels and vault maps discovered:
D:1:      ldierk_walled_garden_2, layout_basic, serial_aquarium,
          aquarium_bridge_square [aquarium_subvault_bridge,
          aquarium_subvault_balcony, aquarium_subvault_wall,
          aquarium_subvault_bridge], aquarium_bridge_straight
          [aquarium_subvault_bridge, aquarium_subvault_balcony,
          aquarium_subvault_bridge, aquarium_subvault_balcony],
          aquarium_window_corridor_1, aquarium_window_1, aquarium_window_fake,
          aquarium_view_2c, aquarium_view_2d,
          shapermc_ecumenical_altar_flowoftime, grunt_decor_mini_mirrors,
          minmay_cut_off

Action                   || total
-------------------------++-------
Melee: Club              ||    13
       Tailslap          ||     4
 Cast: Magic Dart        ||    25
Armor: Skin              ||     7
Dodge: Dodged            ||    13
